Kings vs Canucks

Created - 30 octobre 2016 at 19:05

Goals
1 2 3 OT1 SO T
Kings 1 1 1 0 0 3
Canucks 0 2 1 0 2 4
Shots
1 2 3 OT1 SO T
Kings 13 9 15 1 2 38
Canucks 7 10 10 4 2 31

1st period

1. Kings , Jordan Eberle 1 (Erik Karlsson, Zach Parise) at 17:40 (PP)

Penalties :
Mike Ribeiro (Van) for Hooking (Minor) at 3:38, Jiri Hudler (Van) for Hooking (Minor) at 14:40, Matt Stajan (Van) for Interference (Minor) at 17:24

2nd period

2. Canucks , Alex Tanguay 1 (Jiri Hudler) at 1:45
3. Kings , Danny Richmond 1 (Jordan Nolan) at 5:44 (PP)
4. Canucks , Clarke MacArthur 2 (Martin St. Louis, Matt Stajan) at 7:04 (PP)

Penalties :
Matt Stajan (Van) for Goalie Interference (Minor) at 2:14, Tom Poti (Van) for Diving (Minor) at 5:12, Danny Richmond (LAK) for Holding (Minor) at 6:55, Mike Ribeiro (Van) for Roughing (Minor) at 14:13, Alex Goligoski (Van) for Cross-checking (Minor) at 17:42

3rd period

5. Kings , Anze Kopitar 2 (Danny Richmond, Zach Parise) at 5:01 (PP)
6. Canucks , Matt Stajan 2 (Alex Goligoski) at 11:09

Penalties :
Martin St. Louis (Van) for Interference (Minor) at 3:58

Overtime #1

No Goal

Penalties :
No Penalty

Shootout

Penalty Shot by Anze Kopitar for Kings - Shot Misses the Net
Penalty Shot by Maxim Afinogenov for Canucks - Goal!
Penalty Shot by Zach Parise for Kings - Stopped by Carey Price
Penalty Shot by Mike Ribeiro for Canucks - Goal!

Penalties :
No Penalty

Goalie Stats

Jonathan Quick (LAK), 28 saves from 31 shots - (0,903), OTL, 1-0-2, 65:00 minutes
Carey Price (Van), 35 saves from 38 shots - (0,921), W, 1-1-1, 65:00 minutes

Players Stats for Kings

Player Name              G  A  P  +/- PIM S  H  SB GA TA FO     MP     PP MP  PK MP  
------------------------------------------------------------------------------------
Anze Kopitar             1  0  1   0  0   1  1  1  2  0  19/40  26:24   7:23   0:00 
Daniel Cleary            0  0  0   0  0   3  0  0  1  0  0/0     8:38   0:00   0:00 
Danny Richmond           1  1  2   0  2   2  1  2  0  1  0/0    23:29   4:11   0:00 
Drew Doughty             0  0  0  -1  0   5  2  1  1  1  0/0    27:14   7:35   0:00 
Erik Karlsson            0  1  1   0  0   2  1  1  1  0  0/0    24:21   7:35   0:00 
Georges Laraque          0  0  0   0  0   3  0  0  1  0  2/3    16:06   0:00   0:09 
Jared Cowen              0  0  0  -1  0   1  0  0  0  0  0/0    19:16   0:00   0:09 
Jordan Eberle            1  0  1  -1  0   6  1  0  1  0  3/3    21:35   7:23   0:00 
Jordan Nolan             0  1  1  -1  0   3  4  0  1  0  5/8    17:41   4:23   0:00 
Logan Couture            0  0  0  -1  0   3  2  0  0  0  1/6    15:42   4:23   0:00 
Lubomir Visnovsky        0  0  0  -1  0   1  1  0  1  0  0/0    16:28   0:00   0:09 
Martin Samuelsson        0  0  0  -1  0   0  1  0  1  0  1/2    11:56   0:00   0:09 
Maxim Talbot             0  0  0   0  0   2  1  0  0  0  2/3     7:56   0:00   0:00 
Michael Kostka           0  0  0  -1  0   0  1  3  0  1  0/0    19:11   4:11   0:00 
Riley Cote               0  0  0   0  0   1  1  0  0  0  0/0     8:02   0:00   0:00 
Ted Purcell              0  0  0  -1  0   2  1  0  0  0  0/1    18:50   4:23   0:00 
Wayne Simmonds           0  0  0  -1  0   1  1  0  0  1  0/0    10:40   0:00   0:00 
Zach Parise              0  2  2   0  0   2  2  0  0  0  2/3    26:21   7:23   0:00 

Players Stats for Canucks

Player Name              G  A  P  +/- PIM S  H  SB GA TA FO     MP     PP MP  PK MP  
------------------------------------------------------------------------------------
Alex Goligoski           0  1  1   1  2   1  3  1  1  0  0/0    28:38   0:00   6:18 
Alex Tanguay             1  0  1   1  0   3  0  0  0  2  0/0    14:59   0:00   1:43 
Ben Lovejoy              0  0  0   1  0   3  2  4  0  1  0/0    30:00   0:00   7:41 
Brendon Nash             0  0  0   0  0   0  1  0  0  0  0/0    12:51   0:00   1:23 
Clarke MacArthur         1  0  1   1  0   2  4  0  0  0  0/1    14:44   0:09   0:21 
Darren Helm              0  0  0   0  0   0  1  0  0  0  0/0     2:08   0:00   0:42 
Jiri Hudler              0  1  1   1  2   1  1  0  0  0  0/0    16:01   0:00   3:05 
Martin Hanzal            0  0  0   0  0   0  0  0  0  1  0/2     4:33   0:00   0:00 
Martin St. Louis         0  1  1   1  2   2  4  0  1  0  1/3    19:29   0:09   3:15 
Matt Stajan              1  1  2   1  4   5  1  1  0  1  6/14   19:04   0:09   2:51 
Maxim Afinogenov         0  0  0   0  0   3  4  1  0  1  11/21  30:06   0:00   6:53 
Maxim Lapierre           0  0  0   1  0   2  1  1  1  0  4/5    12:15   0:00   0:00 
Mike Ribeiro             0  0  0   0  4   2  7  0  0  1  12/23  24:10   0:00   4:42 
Milan Michalek           0  0  0   0  0   4  1  2  1  0  0/0    16:04   0:00   0:00 
Patrick Eaves            0  0  0   0  0   0  2  0  0  0  0/0     4:33   0:00   0:00 
Ryan Parent              0  0  0   0  0   1  0  2  0  0  0/0    11:28   0:00   0:00 
Sami Lepisto             0  0  0   1  0   0  1  0  0  1  0/0    23:32   0:09   4:05 
Tom Poti                 0  0  0   1  2   2  0  1  0  2  0/0    23:31   0:09   4:05 

3 Stars

1 - Clarke MacArthur (Van)
2 - Danny Richmond (LAK)
3 - Alex Tanguay (Van)

Power Play

Kings - 3 on 8 Attempt(s) - 37,50%
Canucks - 1 on 1 Attempt(s) - 100,00%

Penalty Kill

Kings - 0 on 1 Attempt(s) - 0,00% - Score 0 goal in Penalty Kill
Canucks - 5 on 8 Attempt(s) - 62,50% - Score 0 goal in Penalty Kill

Team Stat

Kings - Hits : 21 - Faceoff Wins : 35 - Blocked Shots : 8 - Penalty Minutes : 2
Canucks - Hits : 33 - Faceoff Wins : 34 - Blocked Shots : 13 - Penalty Minutes : 16

Official

Referees : Peel Tim and Furlatt Eric
Linesman : Mike Cvik and Brad Lazarowich

Game Notes

No Game Note

Finance

Level 1 -- Attendance: 6000 (100,00%) -- Ticket Income 516 000 $
Level 2 -- Attendance: 5000 (100,00%) -- Ticket Income 245 000 $
Level 3 -- Attendance: 2000 (100,00%) -- Ticket Income 60 000 $
Level 4 -- Attendance: 3935 (98,38%) -- Ticket Income 66 895 $
Luxury Box -- Attendance: 1000 (100,00%) -- Ticket Income 100 000 $
Game was played at the Budweiser Coliseum.
Total Attendance: 17935 (99,64%)
Total Ticket Income: 987 895 $
Other Income: 148 184 $
Total Income: 1 136 079 $

Kings

5 vs 5 Forward 
   Center                   Left Wing                Right Wing               Time % Phy DF OF 
 1 Anze Kopitar             Zach Parise              Georges Laraque          35     1   1  3  
 2 Jordan Nolan             Ted Purcell              Jordan Eberle            30     1   1  3  
 3 Logan Couture            Martin Samuelsson        Wayne Simmonds           25     1   2  2  
 4 Maxim Talbot             Riley Cote               Daniel Cleary            10     1   3  1  

5 vs 5 Defense 
   Defense                  Defense                                           Time % Phy DF OF 
 1 Jared Cowen              Drew Doughty                                      35     1   3  1  
 2 Erik Karlsson            Danny Richmond                                    35     1   3  1  
 3 Lubomir Visnovsky        Michael Kostka                                    30     1   3  1  
 4 Drew Doughty             Danny Richmond                                    0      1   3  1  

PowerPlay Forward 
   Center                   Left Wing                Right Wing               Time % Phy DF OF 
 1 Anze Kopitar             Zach Parise              Jordan Eberle            60     0   0  5  
 2 Jordan Nolan             Ted Purcell              Logan Couture            40     0   1  4  

PowerPlay Defense
   Defense                  Defense                                           Time % Phy DF OF 
 1 Drew Doughty             Erik Karlsson                                     60     0   3  2  
 2 Danny Richmond           Michael Kostka                                    40     0   3  2  

Penalty Kill 4 Players Forward 
   Center                   Wing                     Time % Phy DF OF 
 1 Martin Samuelsson        Georges Laraque          60     1   2  2  
 2 Maxim Talbot             Daniel Cleary            40     1   2  2  

Penalty Kill 4 Players Defense
   Defense                  Defense                  Time % Phy DF OF 
 1 Lubomir Visnovsky        Jared Cowen              60     1   4  0  
 2 Danny Richmond           Michael Kostka           40     1   4  0  

Penalty Kill - 3 Players Forward 
   Forward                                           Time % Phy DF OF 
 1 Anze Kopitar                                      60     1   4  0  
 2 Martin Samuelsson                                 40     1   4  0  

Penalty Kill - 3 Players Defense
   Defense                  Defense                  Time % Phy DF OF 
 1 Jared Cowen              Lubomir Visnovsky        60     1   4  0  
 2 Danny Richmond           Michael Kostka           40     1   4  0  

4 vs 4 Forward 
   Center                   Wing                     Time % Phy DF OF 
 1 Anze Kopitar             Zach Parise              60     1   1  3  
 2 Jordan Eberle            Ted Purcell              40     1   2  2  

4 vs 4 Defense
   Defense                  Defense                  Time % Phy DF OF 
 1 Jared Cowen              Drew Doughty             60     1   2  2  
 2 Lubomir Visnovsky        Danny Richmond           40     1   2  2  

Last Minutes Offensive
   Center                   Left Wing                Right Wing               Defense                  Defense                  
   Anze Kopitar             Zach Parise              Jordan Eberle            Drew Doughty             Erik Karlsson            

Last Minutes Defensive
   Center                   Left Wing                Right Wing               Defense                  Defense                  
   Anze Kopitar             Martin Samuelsson        Daniel Cleary            Drew Doughty             Jared Cowen              

Goaltenders
Starting : Jonathan Quick           
Backup : Evgeni Nabokov           

Extra Forwards
Normal : Anze Kopitar, Jordan Eberle, Ted Purcell - PP : Wayne Simmonds, Maxim Talbot - PK : Anze Kopitar
Extra Defensemen
Normal : Drew Doughty, Danny Richmond, Erik Karlsson - PP : Jared Cowen - PK : Drew Doughty, Erik Karlsson
Penalty Shots
Anze Kopitar, Zach Parise, Ted Purcell, Jordan Eberle, Jordan Nolan

Canucks

5 vs 5 Forward 
   Center                   Left Wing                Right Wing               Time % Phy DF OF 
 1 Mike Ribeiro             Milan Michalek           Maxim Afinogenov         40     1   2  2  
 2 Matt Stajan              Clarke MacArthur         Martin St. Louis         30     1   2  2  
 3 Maxim Lapierre           Alex Tanguay             Jiri Hudler              20     1   2  2  
 4 Martin Hanzal            Maxim Afinogenov         Patrick Eaves            10     1   2  2  

5 vs 5 Defense 
   Defense                  Defense                                           Time % Phy DF OF 
 1 Alex Goligoski           Ben Lovejoy                                       40     1   2  2  
 2 Tom Poti                 Sami Lepisto                                      30     1   2  2  
 3 Ryan Parent              Brendon Nash                                      20     1   2  2  
 4 Alex Goligoski           Ben Lovejoy                                       10     1   2  2  

PowerPlay Forward 
   Center                   Left Wing                Right Wing               Time % Phy DF OF 
 1 Mike Ribeiro             Milan Michalek           Maxim Afinogenov         60     1   2  2  
 2 Matt Stajan              Clarke MacArthur         Martin St. Louis         40     1   2  2  

PowerPlay Defense
   Defense                  Defense                                           Time % Phy DF OF 
 1 Alex Goligoski           Ben Lovejoy                                       60     1   2  2  
 2 Tom Poti                 Sami Lepisto                                      40     1   2  2  

Penalty Kill 4 Players Forward 
   Center                   Wing                     Time % Phy DF OF 
 1 Maxim Afinogenov         Mike Ribeiro             60     1   2  2  
 2 Martin St. Louis         Matt Stajan              40     1   2  2  

Penalty Kill 4 Players Defense
   Defense                  Defense                  Time % Phy DF OF 
 1 Alex Goligoski           Ben Lovejoy              60     1   2  2  
 2 Tom Poti                 Sami Lepisto             40     1   2  2  

Penalty Kill - 3 Players Forward 
   Forward                                           Time % Phy DF OF 
 1 Maxim Afinogenov                                  60     1   2  2  
 2 Mike Ribeiro                                      40     1   2  2  

Penalty Kill - 3 Players Defense
   Defense                  Defense                  Time % Phy DF OF 
 1 Alex Goligoski           Ben Lovejoy              60     1   2  2  
 2 Tom Poti                 Sami Lepisto             40     1   2  2  

4 vs 4 Forward 
   Center                   Wing                     Time % Phy DF OF 
 1 Maxim Afinogenov         Mike Ribeiro             60     1   2  2  
 2 Martin St. Louis         Matt Stajan              40     1   2  2  

4 vs 4 Defense
   Defense                  Defense                  Time % Phy DF OF 
 1 Alex Goligoski           Ben Lovejoy              60     1   2  2  
 2 Tom Poti                 Sami Lepisto             40     1   2  2  

Last Minutes Offensive
   Center                   Left Wing                Right Wing               Defense                  Defense                  
   Mike Ribeiro             Milan Michalek           Maxim Afinogenov         Alex Goligoski           Ben Lovejoy              

Last Minutes Defensive
   Center                   Left Wing                Right Wing               Defense                  Defense                  
   Mike Ribeiro             Milan Michalek           Maxim Afinogenov         Alex Goligoski           Ben Lovejoy              

Goaltenders
Starting : Carey Price              
Backup : Ray Emery                

Extra Forwards
Normal : Darren Helm, Alex Tanguay, Jiri Hudler - PP : Darren Helm, Alex Tanguay - PK : Jiri Hudler
Extra Defensemen
Normal : Ryan Parent, Brendon Nash, Tom Poti - PP : Ryan Parent - PK : Brendon Nash, Tom Poti
Penalty Shots
Maxim Afinogenov, Mike Ribeiro, Martin St. Louis, Matt Stajan, Milan Michalek

% Time on Ice - Kings

Lines # - Real PCT - Wanted PCT - Time Play
Normal Forward
1 - 35% - 35% - 16:37
2 - 27% - 30% - 12:52
3 - 22% - 25% - 10:40
4 - 16% - 10% - 7:56
Normal Defense
1 - 35% - 35% - 16:51
2 - 36% - 35% - 17:07
3 - 29% - 30% - 14:07
4 - 0% - 0% - 0:00
PP Forward
1 - 63% - 60% - 7:23
2 - 37% - 40% - 4:23
PP Defense
1 - 64% - 60% - 7:35
2 - 36% - 40% - 4:11
PK Forward
1 - 100% - 60% - 0:09
2 - 0% - 40% - 0:00
PK Defense
1 - 100% - 60% - 0:09
2 - 0% - 40% - 0:00
PK3 Forward
1 - 0% - 60%
2 - 0% - 40%
PK3 Defense
1 - 0% - 60%
2 - 0% - 40%
44 Forward
1 - 73% - 60% - 3:38
2 - 27% - 40% - 1:22
44 Defense
1 - 56% - 60% - 2:48
2 - 44% - 40% - 2:12
Last Minute Offensive  - 0:00
Last Minute Defensive  - 0:00
Total
Forward - 65:00
Defense - 65:00

% Time on Ice - Canucks

Lines # - Real PCT - Wanted PCT - Time Play
Normal Forward
1 - 35% - 40% - 16:45
2 - 30% - 30% - 14:32
3 - 25% - 20% - 12:15
4 - 9% - 10% - 4:33
Normal Defense
1 - 39% - 40% - 18:32
2 - 35% - 30% - 16:59
3 - 24% - 20% - 11:28
4 - 2% - 10% - 1:06
PP Forward
1 - 0% - 60% - 0:00
2 - 100% - 40% - 0:09
PP Defense
1 - 0% - 60% - 0:00
2 - 100% - 40% - 0:09
PK Forward
1 - 68% - 60% - 8:02
2 - 32% - 40% - 3:44
PK Defense
1 - 65% - 60% - 7:41
2 - 35% - 40% - 4:05
PK3 Forward
1 - 0% - 60%
2 - 0% - 40%
PK3 Defense
1 - 0% - 60%
2 - 0% - 40%
44 Forward
1 - 69% - 60% - 3:26
2 - 31% - 40% - 1:34
44 Defense
1 - 54% - 60% - 2:41
2 - 46% - 40% - 2:19
Last Minute Offensive  - 0:00
Last Minute Defensive  - 0:00
Total
Forward - 65:00
Defense - 65:00

Play by Play

1st period


0:01 of 1st period - Mike Ribeiro wins face-off versus Anze Kopitar in neutral zone.
0:26 of 1st period - Jordan Eberle is hit by Martin St. Louis and loses puck.
2:04 of 1st period - Slapshot by Drew Doughty.
2:04 of 1st period - Deflect By Milan Michalek.
2:04 of 1st period - Stopped by Carey Price without a rebound.
2:05 of 1st period - Maxim Talbot wins face-off versus Maxim Lapierre in Canucks zone.
2:10 of 1st period - Slapshot by Maxim Talbot.
2:10 of 1st period - Stopped by Carey Price with a rebound.
2:12 of 1st period - Slapshot by Danny Richmond.
2:12 of 1st period - Shot Misses the Net.
2:30 of 1st period - Jordan Eberle is hit by Mike Ribeiro and loses puck.
2:57 of 1st period - Zach Parise is hit by Alex Goligoski and loses puck.
3:31 of 1st period - Snap shot by Daniel Cleary.
3:31 of 1st period - Stopped by Carey Price with a rebound.
3:33 of 1st period - Snap shot by Riley Cote.
3:33 of 1st period - Shot Misses the Net.
3:35 of 1st period - Snap shot by Daniel Cleary.
3:35 of 1st period - Stopped by Carey Price without a rebound.
3:36 of 1st period - Mike Ribeiro wins face-off versus Jordan Nolan in Canucks zone.
3:38 of 1st period - Minor Penalty to Mike Ribeiro for Hooking.
3:39 of 1st period - Maxim Afinogenov wins face-off versus Anze Kopitar in Canucks zone.
3:49 of 1st period - Anze Kopitar is hit by Alex Goligoski and loses puck.
5:38 of 1st period - Penalty to Mike Ribeiro is over, Mike Ribeiro is back on ice.
5:57 of 1st period - Snap shot by Matt Stajan.
5:57 of 1st period - Stopped by Jonathan Quick without a rebound.
5:58 of 1st period - Maxim Lapierre wins face-off versus Logan Couture in Kings zone.
6:05 of 1st period - Snap shot by Alex Tanguay.
6:05 of 1st period - Stopped by Jonathan Quick with a rebound.
6:07 of 1st period - Slapshot by Maxim Lapierre.
6:07 of 1st period - Shot Misses the Net.
6:09 of 1st period - Snap shot by Jiri Hudler.
6:09 of 1st period - Stopped by Jonathan Quick with a rebound.
7:08 of 1st period - Maxim Lapierre is hit by Wayne Simmonds and loses puck.
7:23 of 1st period - Jiri Hudler is hit by Jordan Nolan and loses puck.
7:40 of 1st period - Icing by Jiri Hudler.
7:41 of 1st period - Maxim Lapierre wins face-off versus Anze Kopitar in Canucks zone.
7:51 of 1st period - Lubomir Visnovsky is hit by Jiri Hudler and loses puck.
8:04 of 1st period - Backhand shot by Maxim Lapierre.
8:04 of 1st period - Stopped by Jonathan Quick without a rebound.
8:05 of 1st period - Mike Ribeiro wins face-off versus Jordan Nolan in Kings zone.
8:08 of 1st period - Snap shot by Milan Michalek.
8:08 of 1st period - Stopped by Jonathan Quick with a rebound.
8:10 of 1st period - Snap shot by Maxim Afinogenov.
8:10 of 1st period - Shot Misses the Net.
8:12 of 1st period - Wrist shot by Sami Lepisto.
8:12 of 1st period - Shot Blocked by Danny Richmond.
8:14 of 1st period - Wrist shot by Maxim Afinogenov.
8:14 of 1st period - Shot Misses the Net.
8:16 of 1st period - Snap shot by Tom Poti.
8:16 of 1st period - Stopped by Jonathan Quick with a rebound.
8:18 of 1st period - Snap shot by Tom Poti.
8:18 of 1st period - Stopped by Jonathan Quick without a rebound.
8:19 of 1st period - Mike Ribeiro wins face-off versus Anze Kopitar in Kings zone.
8:26 of 1st period - Slapshot by Milan Michalek.
8:26 of 1st period - Shot Misses the Net.
8:44 of 1st period - Jordan Nolan is hit by Clarke MacArthur and loses puck.
8:53 of 1st period - Snap shot by Martin St. Louis.
8:53 of 1st period - Shot Misses the Net.
9:24 of 1st period - Slapshot by Drew Doughty.
9:24 of 1st period - Stopped by Carey Price with a rebound.
9:40 of 1st period - Slapshot by Drew Doughty.
9:40 of 1st period - Stopped by Carey Price without a rebound.
9:41 of 1st period - Anze Kopitar wins face-off versus Mike Ribeiro in Canucks zone.
9:50 of 1st period - Snap shot by Anze Kopitar.
9:50 of 1st period - Shot Misses the Net.
9:52 of 1st period - Snap shot by Georges Laraque.
9:52 of 1st period - Stopped by Carey Price without a rebound.
9:53 of 1st period - Georges Laraque wins face-off versus Matt Stajan in Canucks zone.
9:54 of 1st period - Wrist shot by Zach Parise.
9:54 of 1st period - Shot Blocked by Matt Stajan.
10:07 of 1st period - Backhand shot by Martin St. Louis.
10:07 of 1st period - Shot Misses the Net.
10:09 of 1st period - Slapshot by Ben Lovejoy.
10:09 of 1st period - Shot Misses the Net.
10:19 of 1st period - Ben Lovejoy is hit by Jordan Nolan.
10:45 of 1st period - Tom Poti is hit by Logan Couture and loses puck.
10:58 of 1st period - Lubomir Visnovsky is hit by Clarke MacArthur and loses puck.
12:54 of 1st period - Snap shot by Jordan Eberle.
12:54 of 1st period - Shot Misses the Net.
13:12 of 1st period - Danny Richmond is hit by Mike Ribeiro and loses puck.
13:25 of 1st period - Wrist shot by Anze Kopitar.
13:25 of 1st period - Shot Blocked by Ryan Parent.
14:40 of 1st period - Minor Penalty to Jiri Hudler for Hooking.
14:41 of 1st period - Anze Kopitar wins face-off versus Maxim Afinogenov in Canucks zone.
15:17 of 1st period - Slapshot by Erik Karlsson.
15:17 of 1st period - Deflect By Logan Couture.
15:17 of 1st period - Stopped by Carey Price without a rebound.
15:18 of 1st period - Anze Kopitar wins face-off versus Maxim Afinogenov in Canucks zone.
16:25 of 1st period - Martin St. Louis is hit by Zach Parise and loses puck.
16:40 of 1st period - Penalty to Jiri Hudler is over, Jiri Hudler is back on ice.
16:52 of 1st period - Wrist shot by Alex Tanguay.
16:52 of 1st period - Shot Blocked by Danny Richmond.
17:24 of 1st period - Minor Penalty to Matt Stajan for Interference.
17:25 of 1st period - Zach Parise wins face-off versus Maxim Afinogenov in Canucks zone.
17:36 of 1st period - Wrist shot by Zach Parise.
17:36 of 1st period - Shot Misses the Net.
17:38 of 1st period - Snap shot by Erik Karlsson.
17:38 of 1st period - Shot Misses the Net.
17:40 of 1st period - Wrist shot by Jordan Eberle.
17:40 of 1st period - Goal by Jordan Eberle - Kings : 1 - Canucks : 0.
17:41 of 1st period - Anze Kopitar wins face-off versus Mike Ribeiro in neutral zone.
17:41 of 1st period - Anze Kopitar is hit by Mike Ribeiro.
17:52 of 1st period - Alex Goligoski is hit by Anze Kopitar and loses puck.
18:28 of 1st period - Slapshot by Wayne Simmonds.
18:28 of 1st period - Stopped by Carey Price with a rebound.
18:30 of 1st period - Slapshot by Danny Richmond.
18:30 of 1st period - Stopped by Carey Price with a rebound.
18:32 of 1st period - Backhand shot by Martin Samuelsson.
18:32 of 1st period - Shot Blocked by Maxim Lapierre.
18:52 of 1st period - Snap shot by Zach Parise.
18:52 of 1st period - Shot Misses the Net.
18:54 of 1st period - Slapshot by Jared Cowen.
18:54 of 1st period - Stopped by Carey Price with a rebound.
19:04 of 1st period - Sami Lepisto is hit by Riley Cote and loses puck.
19:23 of 1st period - Wrist shot by Maxim Afinogenov.
19:23 of 1st period - Shot Misses the Net.
19:40 of 1st period - Snap shot by Logan Couture.
19:40 of 1st period - Shot Misses the Net.
19:56 of 1st period - Wrist shot by Wayne Simmonds.
19:56 of 1st period - Shot Misses the Net.
19:58 of 1st period - Snap shot by Georges Laraque.
19:58 of 1st period - Stopped by Carey Price without a rebound.
19:59 of 1st period - Anze Kopitar wins face-off versus Matt Stajan in Canucks zone.
Goals for this period are 1 for Kings vs 0 for Canucks.
Shots for this period are 13 for Kings vs 7 for Canucks.

2nd period


0:01 of 2nd period - Anze Kopitar wins face-off versus Mike Ribeiro in neutral zone.
0:34 of 2nd period - Snap shot by Matt Stajan.
0:34 of 2nd period - Stopped by Jonathan Quick without a rebound.
0:35 of 2nd period - Jordan Nolan wins face-off versus Matt Stajan in Kings zone.
1:09 of 2nd period - Erik Karlsson is hit by Mike Ribeiro and loses puck.
1:30 of 2nd period - Slapshot by Wayne Simmonds.
1:30 of 2nd period - Shot Blocked by Tom Poti.
1:45 of 2nd period - Slapshot by Jiri Hudler.
1:45 of 2nd period - Deflect By Alex Tanguay.
1:45 of 2nd period - Goal by Alex Tanguay - Kings : 1 - Canucks : 1.
1:46 of 2nd period - Mike Ribeiro wins face-off versus Anze Kopitar in neutral zone.
1:57 of 2nd period - Wrist shot by Mike Ribeiro.
1:57 of 2nd period - Shot Misses the Net.
2:14 of 2nd period - Minor Penalty to Matt Stajan for Goalie Interference.
2:15 of 2nd period - Anze Kopitar wins face-off versus Maxim Afinogenov in Canucks zone.
3:01 of 2nd period - Icing by Michael Kostka.
3:02 of 2nd period - Martin St. Louis wins face-off versus Ted Purcell in Kings zone.
3:33 of 2nd period - Wrist shot by Anze Kopitar.
3:33 of 2nd period - Shot Misses the Net.
3:35 of 2nd period - Slapshot by Michael Kostka.
3:35 of 2nd period - Shot Misses the Net.
4:14 of 2nd period - Penalty to Matt Stajan is over, Matt Stajan is back on ice.
5:12 of 2nd period - Minor Penalty to Tom Poti for Diving.
5:13 of 2nd period - Maxim Afinogenov wins face-off versus Anze Kopitar in Canucks zone.
5:25 of 2nd period - Snap shot by Jordan Eberle.
5:25 of 2nd period - Stopped by Carey Price with a rebound.
5:44 of 2nd period - Slapshot by Danny Richmond.
5:44 of 2nd period - Goal by Danny Richmond - Kings : 2 - Canucks : 1.
5:45 of 2nd period - Mike Ribeiro wins face-off versus Anze Kopitar in neutral zone.
6:42 of 2nd period - Wrist shot by Milan Michalek.
6:42 of 2nd period - Shot Misses the Net.
6:44 of 2nd period - Slapshot by Alex Goligoski.
6:44 of 2nd period - Deflect By Maxim Afinogenov.
6:44 of 2nd period - Stopped by Jonathan Quick with a rebound.
6:46 of 2nd period - Wrist shot by Ben Lovejoy.
6:46 of 2nd period - Deflect By Milan Michalek.
6:46 of 2nd period - Stopped by Jonathan Quick with a rebound.
6:48 of 2nd period - Snap shot by Ben Lovejoy.
6:48 of 2nd period - Stopped by Jonathan Quick without a rebound.
6:49 of 2nd period - Anze Kopitar wins face-off versus Matt Stajan in Kings zone.
6:49 of 2nd period - Zach Parise is hit by Martin St. Louis and loses puck.
6:55 of 2nd period - Minor Penalty to Danny Richmond for Holding.
6:56 of 2nd period - Matt Stajan wins face-off versus Martin Samuelsson in Kings zone.
7:04 of 2nd period - Slapshot by Clarke MacArthur.
7:04 of 2nd period - Goal by Clarke MacArthur - Kings : 2 - Canucks : 2.
7:05 of 2nd period - Maxim Afinogenov wins face-off versus Georges Laraque in neutral zone.
7:08 of 2nd period - Snap shot by Ben Lovejoy.
7:08 of 2nd period - Stopped by Jonathan Quick without a rebound.
7:09 of 2nd period - Anze Kopitar wins face-off versus Mike Ribeiro in Kings zone.
7:14 of 2nd period - Ben Lovejoy is hit by Danny Richmond.
7:45 of 2nd period - Off-side.
7:46 of 2nd period - Mike Ribeiro wins face-off versus Anze Kopitar in neutral zone.
8:11 of 2nd period - Drew Doughty is hit by Martin St. Louis and loses puck.
8:38 of 2nd period - Snap shot by Maxim Lapierre.
8:38 of 2nd period - Shot Misses the Net.
9:01 of 2nd period - Wrist shot by Riley Cote.
9:01 of 2nd period - Stopped by Carey Price with a rebound.
9:45 of 2nd period - Wrist shot by Jiri Hudler.
9:45 of 2nd period - Shot Misses the Net.
9:57 of 2nd period - Erik Karlsson is hit by Milan Michalek and loses puck.
10:21 of 2nd period - Icing by Danny Richmond.
10:22 of 2nd period - Anze Kopitar wins face-off versus Martin Hanzal in Kings zone.
10:44 of 2nd period - Tom Poti is hit by Jordan Nolan and loses puck.
10:51 of 2nd period - Snap shot by Clarke MacArthur.
10:51 of 2nd period - Stopped by Jonathan Quick with a rebound.
11:03 of 2nd period - Sami Lepisto is hit by Drew Doughty and loses puck.
11:10 of 2nd period - Slapshot by Drew Doughty.
11:10 of 2nd period - Stopped by Carey Price without a rebound.
11:11 of 2nd period - Anze Kopitar wins face-off versus Mike Ribeiro in Canucks zone.
11:36 of 2nd period - Jordan Nolan is hit by Ben Lovejoy and loses puck.
11:55 of 2nd period - Jiri Hudler is hit by Jordan Eberle and loses puck.
12:06 of 2nd period - Alex Goligoski is hit by Maxim Talbot and loses puck.
12:19 of 2nd period - Wrist shot by Maxim Lapierre.
12:19 of 2nd period - Stopped by Jonathan Quick without a rebound.
12:20 of 2nd period - Maxim Afinogenov wins face-off versus Anze Kopitar in Kings zone.
12:29 of 2nd period - Wrist shot by Anze Kopitar.
12:29 of 2nd period - Shot Misses the Net.
12:31 of 2nd period - Wrist shot by Lubomir Visnovsky.
12:31 of 2nd period - Shot Blocked by Milan Michalek.
12:35 of 2nd period - Slapshot by Zach Parise.
12:35 of 2nd period - Stopped by Carey Price without a rebound.
12:36 of 2nd period - Jordan Eberle wins face-off versus Matt Stajan in Canucks zone.
13:01 of 2nd period - Maxim Afinogenov is hit by Drew Doughty and loses puck.
13:45 of 2nd period - Tom Poti is hit by Michael Kostka and loses puck.
13:54 of 2nd period - Slapshot by Maxim Talbot.
13:54 of 2nd period - Stopped by Carey Price without a rebound.
13:55 of 2nd period - Anze Kopitar wins face-off versus Mike Ribeiro in Canucks zone.
14:13 of 2nd period - Minor Penalty to Mike Ribeiro for Roughing.
14:14 of 2nd period - Anze Kopitar wins face-off versus Maxim Afinogenov in Canucks zone.
14:20 of 2nd period - Backhand shot by Anze Kopitar.
14:20 of 2nd period - Shot Blocked by Ben Lovejoy.
14:22 of 2nd period - Wrist shot by Zach Parise.
14:22 of 2nd period - Deflect By Alex Goligoski.
14:22 of 2nd period - Stopped by Carey Price with a rebound.
14:24 of 2nd period - Wrist shot by Jordan Eberle.
14:24 of 2nd period - Stopped by Carey Price with a rebound.
14:26 of 2nd period - Slapshot by Anze Kopitar.
14:26 of 2nd period - Shot Misses the Net.
14:28 of 2nd period - Snap shot by Erik Karlsson.
14:28 of 2nd period - Stopped by Carey Price without a rebound.
14:29 of 2nd period - Anze Kopitar wins face-off versus Maxim Afinogenov in Canucks zone.
14:33 of 2nd period - Snap shot by Zach Parise.
14:33 of 2nd period - Shot Blocked by Alex Goligoski.
14:45 of 2nd period - Slapshot by Jordan Eberle.
14:45 of 2nd period - Shot Misses the Net.
15:01 of 2nd period - Maxim Afinogenov is hit by Ted Purcell and loses puck.
16:13 of 2nd period - Penalty to Mike Ribeiro is over, Mike Ribeiro is back on ice.
16:23 of 2nd period - Snap shot by Martin St. Louis.
16:23 of 2nd period - Stopped by Jonathan Quick without a rebound.
16:24 of 2nd period - Maxim Talbot wins face-off versus Matt Stajan in Kings zone.
16:24 of 2nd period - Maxim Talbot is hit by Brendon Nash.
16:54 of 2nd period - Slapshot by Wayne Simmonds.
16:54 of 2nd period - Shot Blocked by Maxim Afinogenov.
16:56 of 2nd period - Snap shot by Danny Richmond.
16:56 of 2nd period - Shot Blocked by Milan Michalek.
17:07 of 2nd period - Off-side.
17:08 of 2nd period - Maxim Lapierre wins face-off versus Anze Kopitar in neutral zone.
17:17 of 2nd period - Snap shot by Maxim Lapierre.
17:17 of 2nd period - Shot Blocked by Michael Kostka.
17:40 of 2nd period - Snap shot by Ted Purcell.
17:40 of 2nd period - Shot Blocked by Ben Lovejoy.
17:42 of 2nd period - Minor Penalty to Alex Goligoski for Cross-checking.
17:43 of 2nd period - Maxim Afinogenov wins face-off versus Anze Kopitar in Canucks zone.
18:20 of 2nd period - Snap shot by Ted Purcell.
18:20 of 2nd period - Shot Misses the Net.
18:22 of 2nd period - Wrist shot by Logan Couture.
18:22 of 2nd period - Shot Blocked by Ben Lovejoy.
18:39 of 2nd period - Icing by Danny Richmond.
18:40 of 2nd period - Maxim Afinogenov wins face-off versus Anze Kopitar in Kings zone.
19:30 of 2nd period - Jordan Eberle is hit by Mike Ribeiro and loses puck.
19:42 of 2nd period - Penalty to Alex Goligoski is over, Alex Goligoski is back on ice.
Goals for this period are 1 for Kings vs 2 for Canucks.
Shots for this period are 9 for Kings vs 10 for Canucks.

3rd period


0:01 of 3rd period - Anze Kopitar wins face-off versus Mike Ribeiro in neutral zone.
0:01 of 3rd period - Anze Kopitar is hit by Maxim Afinogenov.
0:51 of 3rd period - Off-side.
0:52 of 3rd period - Maxim Afinogenov wins face-off versus Logan Couture in neutral zone.
1:03 of 3rd period - Wayne Simmonds is hit by Patrick Eaves.
2:10 of 3rd period - Slapshot by Drew Doughty.
2:10 of 3rd period - Deflect By Ted Purcell.
2:10 of 3rd period - Stopped by Carey Price with a rebound.
2:12 of 3rd period - Slapshot by Jordan Nolan.
2:12 of 3rd period - Stopped by Carey Price with a rebound.
2:14 of 3rd period - Slapshot by Drew Doughty.
2:14 of 3rd period - Shot Blocked by Ryan Parent.
2:16 of 3rd period - Wrist shot by Ted Purcell.
2:16 of 3rd period - Stopped by Carey Price with a rebound.
2:18 of 3rd period - Snap shot by Jordan Nolan.
2:18 of 3rd period - Stopped by Carey Price without a rebound.
2:19 of 3rd period - Mike Ribeiro wins face-off versus Anze Kopitar in Canucks zone.
2:30 of 3rd period - Snap shot by Maxim Afinogenov.
2:30 of 3rd period - Shot Misses the Net.
2:34 of 3rd period - Wrist shot by Maxim Afinogenov.
2:34 of 3rd period - Stopped by Jonathan Quick without a rebound.
2:35 of 3rd period - Jordan Nolan wins face-off versus Mike Ribeiro in Kings zone.
2:40 of 3rd period - Jordan Nolan is hit by Maxim Afinogenov and loses puck.
2:45 of 3rd period - Wrist shot by Maxim Afinogenov.
2:45 of 3rd period - Shot Blocked by Erik Karlsson.
2:47 of 3rd period - Snap shot by Mike Ribeiro.
2:47 of 3rd period - Stopped by Jonathan Quick with a rebound.
2:49 of 3rd period - Slapshot by Alex Goligoski.
2:49 of 3rd period - Shot Hit the Post.
3:19 of 3rd period - Icing by Danny Richmond.
3:20 of 3rd period - Logan Couture wins face-off versus Martin Hanzal in Kings zone.
3:20 of 3rd period - Logan Couture is hit by Maxim Afinogenov.
3:34 of 3rd period - Snap shot by Logan Couture.
3:34 of 3rd period - Shot Misses the Net.
3:36 of 3rd period - Slapshot by Erik Karlsson.
3:36 of 3rd period - Stopped by Carey Price without a rebound.
3:37 of 3rd period - Georges Laraque wins face-off versus Matt Stajan in Canucks zone.
3:58 of 3rd period - Minor Penalty to Martin St. Louis for Interference.
3:59 of 3rd period - Anze Kopitar wins face-off versus Maxim Afinogenov in Canucks zone.
4:00 of 3rd period - Snap shot by Zach Parise.
4:00 of 3rd period - Shot Misses the Net.
4:59 of 3rd period - Backhand shot by Zach Parise.
4:59 of 3rd period - Shot Misses the Net.
5:01 of 3rd period - Slapshot by Danny Richmond.
5:01 of 3rd period - Deflect By Anze Kopitar.
5:01 of 3rd period - Goal by Anze Kopitar - Kings : 3 - Canucks : 2.
5:02 of 3rd period - Mike Ribeiro wins face-off versus Logan Couture in neutral zone.
6:03 of 3rd period - Jordan Nolan is hit by Patrick Eaves.
6:14 of 3rd period - Ryan Parent is hit by Erik Karlsson and loses puck.
7:00 of 3rd period - Ted Purcell is hit by Ben Lovejoy and loses puck.
7:09 of 3rd period - Jordan Nolan is hit by Mike Ribeiro and loses puck.
7:20 of 3rd period - Snap shot by Jordan Eberle.
7:20 of 3rd period - Stopped by Carey Price with a rebound.
7:22 of 3rd period - Wrist shot by Daniel Cleary.
7:22 of 3rd period - Stopped by Carey Price without a rebound.
7:23 of 3rd period - Maxim Lapierre wins face-off versus Maxim Talbot in Canucks zone.
7:52 of 3rd period - Snap shot by Jiri Hudler.
7:52 of 3rd period - Shot Misses the Net.
8:12 of 3rd period - Michael Kostka is hit by Sami Lepisto and loses puck.
9:01 of 3rd period - Slapshot by Michael Kostka.
9:01 of 3rd period - Shot Misses the Net.
9:03 of 3rd period - Wrist shot by Lubomir Visnovsky.
9:03 of 3rd period - Stopped by Carey Price without a rebound.
9:04 of 3rd period - Mike Ribeiro wins face-off versus Anze Kopitar in Canucks zone.
9:11 of 3rd period - Slapshot by Georges Laraque.
9:11 of 3rd period - Stopped by Carey Price without a rebound.
9:12 of 3rd period - Matt Stajan wins face-off versus Anze Kopitar in Canucks zone.
9:12 of 3rd period - Matt Stajan is hit by Zach Parise.
9:22 of 3rd period - Georges Laraque is hit by Clarke MacArthur and loses puck.
9:39 of 3rd period - Snap shot by Jordan Eberle.
9:39 of 3rd period - Shot Misses the Net.
9:41 of 3rd period - Backhand shot by Jordan Eberle.
9:41 of 3rd period - Stopped by Carey Price without a rebound.
9:42 of 3rd period - Jordan Nolan wins face-off versus Mike Ribeiro in Canucks zone.
10:31 of 3rd period - Wrist shot by Alex Tanguay.
10:31 of 3rd period - Shot Misses the Net.
10:33 of 3rd period - Slapshot by Ryan Parent.
10:33 of 3rd period - Stopped by Jonathan Quick without a rebound.
10:34 of 3rd period - Jordan Nolan wins face-off versus Mike Ribeiro in Kings zone.
11:05 of 3rd period - Backhand shot by Mike Ribeiro.
11:05 of 3rd period - Stopped by Jonathan Quick without a rebound.
11:06 of 3rd period - Matt Stajan wins face-off versus Logan Couture in Kings zone.
11:09 of 3rd period - Snap shot by Matt Stajan.
11:09 of 3rd period - Goal by Matt Stajan - Kings : 3 - Canucks : 3.
11:10 of 3rd period - Mike Ribeiro wins face-off versus Anze Kopitar in neutral zone.
11:15 of 3rd period - Drew Doughty is hit by Mike Ribeiro and loses puck.
11:55 of 3rd period - Snap shot by Milan Michalek.
11:55 of 3rd period - Stopped by Jonathan Quick with a rebound.
12:01 of 3rd period - Snap shot by Milan Michalek.
12:01 of 3rd period - Stopped by Jonathan Quick without a rebound.
12:02 of 3rd period - Matt Stajan wins face-off versus Anze Kopitar in Kings zone.
12:05 of 3rd period - Slapshot by Martin St. Louis.
12:05 of 3rd period - Stopped by Jonathan Quick with a rebound.
12:07 of 3rd period - Snap shot by Matt Stajan.
12:07 of 3rd period - Stopped by Jonathan Quick without a rebound.
12:08 of 3rd period - Anze Kopitar wins face-off versus Clarke MacArthur in Kings zone.
13:01 of 3rd period - Snap shot by Jordan Nolan.
13:01 of 3rd period - Stopped by Carey Price without a rebound.
13:02 of 3rd period - Matt Stajan wins face-off versus Jordan Nolan in Canucks zone.
13:14 of 3rd period - Ben Lovejoy is hit by Jordan Nolan and loses puck.
13:27 of 3rd period - Jordan Nolan is hit by Maxim Lapierre and loses puck.
14:00 of 3rd period - Wrist shot by Milan Michalek.
14:00 of 3rd period - Deflect By Maxim Afinogenov.
14:00 of 3rd period - Shot Misses the Net.
14:00 of 3rd period - Puck is out of play.
14:01 of 3rd period - Anze Kopitar wins face-off versus Matt Stajan in Kings zone.
14:01 of 3rd period - Anze Kopitar is hit by Alex Goligoski.
14:07 of 3rd period - Slapshot by Drew Doughty.
14:07 of 3rd period - Deflect By Martin St. Louis.
14:07 of 3rd period - Stopped by Carey Price with a rebound.
14:17 of 3rd period - Slapshot by Martin St. Louis.
14:17 of 3rd period - Shot Misses the Net.
14:27 of 3rd period - Ben Lovejoy is hit by Logan Couture and loses puck.
15:09 of 3rd period - Lubomir Visnovsky is hit by Martin St. Louis.
15:16 of 3rd period - Off-side.
15:17 of 3rd period - Martin Samuelsson wins face-off versus Maxim Afinogenov in neutral zone.
15:22 of 3rd period - Snap shot by Logan Couture.
15:22 of 3rd period - Stopped by Carey Price without a rebound.
15:23 of 3rd period - Mike Ribeiro wins face-off versus Logan Couture in Canucks zone.
15:47 of 3rd period - Off-side.
15:48 of 3rd period - Matt Stajan wins face-off versus Anze Kopitar in neutral zone.
15:53 of 3rd period - Anze Kopitar is hit by Clarke MacArthur and loses puck.
16:04 of 3rd period - Snap shot by Matt Stajan.
16:04 of 3rd period - Shot Blocked by Michael Kostka.
16:14 of 3rd period - Martin Hanzal is hit by Lubomir Visnovsky and loses puck.
16:27 of 3rd period - Snap shot by Logan Couture.
16:27 of 3rd period - Stopped by Carey Price without a rebound.
16:28 of 3rd period - Jordan Nolan wins face-off versus Mike Ribeiro in Canucks zone.
16:53 of 3rd period - Matt Stajan is hit by Martin Samuelsson and loses puck.
17:22 of 3rd period - Wrist shot by Alex Tanguay.
17:22 of 3rd period - Stopped by Jonathan Quick with a rebound.
17:24 of 3rd period - Wrist shot by Ben Lovejoy.
17:24 of 3rd period - Shot Misses the Net.
18:32 of 3rd period - Wrist shot by Maxim Lapierre.
18:32 of 3rd period - Shot Blocked by Michael Kostka.
Goals for this period are 1 for Kings vs 1 for Canucks.
Shots for this period are 15 for Kings vs 10 for Canucks.

Overtime #1


0:01 of 1st overtime period - Maxim Afinogenov wins face-off versus Zach Parise in neutral zone.
0:04 of 1st overtime period - Slapshot by Alex Goligoski.
0:04 of 1st overtime period - Shot Blocked by Drew Doughty.
0:06 of 1st overtime period - Slapshot by Ben Lovejoy.
0:06 of 1st overtime period - Shot Blocked by Anze Kopitar.
0:08 of 1st overtime period - Slapshot by Alex Goligoski.
0:08 of 1st overtime period - Stopped by Jonathan Quick with a rebound.
0:10 of 1st overtime period - Slapshot by Ben Lovejoy.
0:10 of 1st overtime period - Stopped by Jonathan Quick without a rebound.
0:11 of 1st overtime period - Maxim Afinogenov wins face-off versus Anze Kopitar in Kings zone.
0:26 of 1st overtime period - Snap shot by Maxim Afinogenov.
0:26 of 1st overtime period - Stopped by Jonathan Quick with a rebound.
0:41 of 1st overtime period - Icing by Jared Cowen.
0:42 of 1st overtime period - Maxim Afinogenov wins face-off versus Anze Kopitar in Kings zone.
1:02 of 1st overtime period - Anze Kopitar is hit by Maxim Afinogenov and loses puck.
1:43 of 1st overtime period - Martin Samuelsson is hit by Darren Helm and loses puck.
2:24 of 1st overtime period - Icing by Mike Ribeiro.
2:25 of 1st overtime period - Jordan Eberle wins face-off versus Maxim Afinogenov in Canucks zone.
2:38 of 1st overtime period - Snap shot by Matt Stajan.
2:38 of 1st overtime period - Stopped by Jonathan Quick without a rebound.
2:39 of 1st overtime period - Zach Parise wins face-off versus Martin St. Louis in Kings zone.
2:39 of 1st overtime period - Zach Parise is hit by Matt Stajan.
3:16 of 1st overtime period - Snap shot by Ted Purcell.
3:16 of 1st overtime period - Deflect By Alex Goligoski.
3:16 of 1st overtime period - Shot Blocked by Ben Lovejoy.
3:16 of 1st overtime period - Puck is out of play.
3:17 of 1st overtime period - Jordan Eberle wins face-off versus Martin St. Louis in Canucks zone.
3:26 of 1st overtime period - Slapshot by Ted Purcell.
3:26 of 1st overtime period - Deflect By Jordan Eberle.
3:26 of 1st overtime period - Stopped by Carey Price without a rebound.
3:27 of 1st overtime period - Anze Kopitar wins face-off versus Maxim Afinogenov in Canucks zone.
4:30 of 1st overtime period - Icing by Anze Kopitar.
4:31 of 1st overtime period - Maxim Afinogenov wins face-off versus Anze Kopitar in Kings zone.
4:56 of 1st overtime period - Wrist shot by Matt Stajan.
4:56 of 1st overtime period - Shot Misses the Net.
Goals for this period are 0 for Kings vs 0 for Canucks.
Shots for this period are 1 for Kings vs 4 for Canucks.

ShootOut


5:00 of 1st overtime period - Penalty Shot by Anze Kopitar for Kings.
5:00 of 1st overtime period - Deke by Anze Kopitar.
5:00 of 1st overtime period - Shot Misses the Net.
5:00 of 1st overtime period - Penalty Shot by Maxim Afinogenov for Canucks.
5:00 of 1st overtime period - Wrist shot by Maxim Afinogenov.
5:00 of 1st overtime period - Goal by Maxim Afinogenov.
5:00 of 1st overtime period - Penalty Shot by Zach Parise for Kings.
5:00 of 1st overtime period - Backhand shot by Zach Parise.
5:00 of 1st overtime period - Stopped by Carey Price.
5:00 of 1st overtime period - Penalty Shot by Mike Ribeiro for Canucks.
5:00 of 1st overtime period - Deke by Mike Ribeiro.
5:00 of 1st overtime period - Goal by Mike Ribeiro.